Map: Kairos Junction LE

Players

SaLemandr

  • Race: Terran Terran
  • Spawn Location: 11:00

Clem - Winner!

  • Race: Terran Terran
  • Spawn Location: 5:00

Event: 2019 WCS Summer

VOD

Have the link to the VOD?

Description

Time

  • Played on: July 12, 2019, 6:08 a.m.
  • Length: 7:46

All games in this series

Show
View Real Time Build Order
Export as new Build Order

SaLemandr Terran 

Build Orders: 2 Factory, Cyclone Opening, Mech 

Get SALT Encoding   

  12  0:00  SCV  
  13  0:12  SCV  
  14  0:17  Supply Depot  
  14  0:25  SCV  
  15  0:28  Refinery  
  15  0:39  SCV  
  16  0:46  Barracks  
  16  0:51  SCV  
  16  0:55  Refinery  
  17  1:03  SCV  
  18  1:15  SCV  
  19  1:33  Orbital Command, Reaper  
  20  1:40  Factory  
  20  1:50  Supply Depot  
  20  1:58  SCV  
  21  2:04  Marine  
  22  2:10  SCV  
  23  2:22  Marine, SCV  
  24  2:24  Factory Tech Lab  
  24  2:28  Factory  
  25  2:34  SCV  
  25  2:43  Cyclone, Mag-Field Accelerator  
  28  2:46  SCV  
  28  2:47  Barracks Tech Lab  
  28  2:48  Supply Depot  
  29  2:58  SCV  
  30  3:15  Cyclone  
  33  3:20  Cyclone  
  33  3:22  SCV  
  37  3:34  Command Center  
  37  3:36  SCV  
  38  3:42  Supply Depot  
  38  3:57  Marine  
  39  4:03  SCV, Cyclone  
  39  4:08  Cyclone  
  46  4:16  SCV  
  47  4:46  SCV, Supply Depot  
  47  4:48  Command Center  
  45  4:53  Orbital Command  
  45  4:55  Siege Tank  
  45  4:58  SCV  
  45  4:59  Barracks Reactor  
  49  5:03  Factory  
  49  5:10  SCV  
  50  5:15  Starport  
  50  5:18  Refinery, SCV  
  51  5:22  SCV  
  52  5:30  SCV  
  52  5:35  Siege Tank, SCV  
  57  5:38  Refinery  
  57  5:42  SCV  
  58  5:47  SCV  
  59  5:54  Starport Reactor, SCV  
  59  5:56  Hellion x2  
  64  5:58  Barracks Reactor  
  64  5:59  SCV, Supply Depot  
  64  6:01  Orbital Command  
  65  6:06  SCV  
  66  6:11  SCV  
  66  6:15  Siege Tank  
  66  6:17  Siege Tank  
  73  6:20  SCV, Hellion  
  73  6:23  Supply Depot  
  76  6:27  Orbital Command  
  76  6:28  Armory  
  76  6:31  SCV  
  77  6:34  SCV  
  78  6:42  Viking x2  
  78  6:43  SCV  
  83  6:50  Siege Tank  
  83  6:51  Hellion  
  88  6:57  SCV  
  88  6:59  Hellion x2  
  93  7:04  SCV x2  
  95  7:11  SCV  
  95  7:16  SCV  
Show
View Real Time Build Order
Export as new Build Order

Clem Terran - Winner!

Build Orders:  

Get SALT Encoding   

  12  0:00  SCV  
  13  0:12  SCV  
  14  0:17  Supply Depot  
  14  0:24  SCV  
  15  0:28  Refinery  
  15  0:38  SCV  
  16  0:44  Barracks  
  16  0:50  SCV  
  16  0:53  Refinery  
  17  1:02  SCV  
  18  1:14  SCV  
  19  1:30  Orbital Command  
  19  1:32  Factory  
  19  1:36  Reaper  
  20  1:46  Supply Depot  
  20  1:57  SCV  
  21  2:08  Reaper  
  21  2:09  SCV  
  25  2:15  Hellion  
  25  2:22  SCV  
  26  2:36  Command Center, SCV  
  27  2:43  Hellion  
  29  2:49  Starport  
  29  2:52  SCV  
  29  2:55  Barracks Tech Lab  
  30  3:00  Supply Depot  
  30  3:04  SCV  
  31  3:20  Barracks Tech Lab  
  31  3:22  SCV, Cyclone  
  34  3:33  Refinery  
  34  3:34  SCV  
  35  3:42  Raven  
  35  3:46  SCV  
  35  3:47  Orbital Command, Barracks Reactor  
  38  3:58  SCV  
  38  4:00  Siege Tank  
  42  4:10  SCV  
  42  4:14  SCV  
  44  4:22  Command Center, SCV  
  42  4:25  Marine x2  
  44  4:34  SCV  
  43  4:40  Raven  
  43  4:41  Bunker  
  44  4:47  Siege Tank  
  44  4:49  Marine  
  44  4:52  Marine  
  49  4:55  SCV  
  49  4:57  SCV  
  51  5:02  Supply Depot  
  51  5:10  SCV  
  52  5:15  SCV  
  52  5:17  Supply Depot  
  52  5:22  SCV  
  52  5:24  Siege Tank  
  52  5:28  SCV, Supply Depot  
  56  5:33  Viking  
  59  5:36  Viking  
  61  5:43  Orbital Command  
  61  5:44  SCV  
  61  5:46  SCV  
  61  5:48  Marine  
  64  5:56  Siege Tank  
  67  5:59  SCV  
  67  6:00  SCV  
  67  6:03  Supply Depot  
  69  6:06  Marine  
  69  6:11  Viking, Refinery  
  72  6:16  Viking  
  72  6:18  SCV  
  75  6:19  SCV  
  75  6:24  Marine, Supply Depot  
  77  6:28  Siege Tank, Liberator  
  77  6:31  SCV  
  81  6:37  SCV x2, Supply Depot  
  82  6:42  Marine  
  86  6:50  Viking  
  87  6:56  Barracks, Orbital Command  
  87  6:58  Barracks, SCV x2  
  89  7:02  Supply Depot  
  89  7:07  Siege Tank  
  89  7:08  Marine  
  93  7:10  SCV  
  93  7:15  SCV  
  89  7:23  SCV  
  89  7:26  Marine  
  89  7:29  Supply Depot  
  88  7:30  SCV  
Tags
 
Add a new tag
Caveats
  • Supply blocks, unpowered buildings, or Contaminate may cause inaccurate times.
  • Supply counts are checked every 10 seconds.